 Dungeon Sprint DCSS version 0.16-a0-3820-g492871e (console) character file.

7706 mauris the Tortoise (level 11, -9/98 (99) HPs)
             Began as a Deep Dwarf Fighter on Jan 28, 2015.
             Was a High Priest of Makhleb.
             Mangled by Lom Lobon (29 damage)
             ... in the Dungeon (Sprint I: "Red Sonja").
             The game lasted 00:09:54 (559 turns).

mauris the Tortoise (Deep Dwarf Fighter)             Turns: 559, Time: 00:09:54

HP:   -9/98 (99)    AC: 13    Str: 19    XL:     11   Next: 0%
MP:   18/18         EV:  6    Int: 10    God:    Makhleb [*****.]
Gold: 596           SH:  0    Dex: 15    Spells: 0 memorised, 10 levels left

rFire  . . .     SeeInvis .     a - +0 war axe
rCold  . . .     Clarity  .     b - +0 scale mail
rNeg   . . .     SustAb   .     c - +0 shield
rPois  .         Gourm    .     (no helmet)
rElec  .         Spirit   .     (no cloak)
rCorr  .         Warding  .     p - +0 pair of gloves
rMut   .         NoTele   +     (no boots)
MR     +....                    (no amulet)
Stlth  ..........               (no ring)
                                (no ring)

@: lethally poisoned, very slightly contaminated, held, non-regenerating,
rotting, slowed, very slow, somewhat resistant to hostile enchantments,
extremely unstealthy
A: damage resistance, recharge devices, sense surroundings 2, slow healing 3
a: Device Recharging, Minor Destruction, Lesser Servant of Makhleb, Major
Destruction, Greater Servant of Makhleb, Renounce Religion


You were in the Dungeon.
You worshipped Makhleb.
Makhleb was extremely pleased with you.
You were hungry.

You visited 1 branch You collected 596 gold pieces.

Inventory:

Hand weapons
 a - a +0 war axe (weapon)
Armour
 b - a +0 scale mail (worn)
 c - a +0 shield (worn)
 p - a +0 pair of gloves (worn)
Magical devices
 d - a wand of heal wounds (3) {@v2}
 g - a wand of slowing (24)
Potions
 e - a potion of brilliance {unknown}
 j - 2 potions of magic
 k - a potion of berserk rage {!q}
 n - a potion of poison {unknown}
Comestibles
 f - 2 bread rations
 i - 10 chunks of flesh
 o - a beef jerky


   Skills:
 + Level 6.8 Fighting
 + Level 12.1 Axes
 - Level 19.9 Armour
 + Level 7.2 Dodging
 - Level 3.2 Shields
 + Level 8.7 Invocations
 + Level 12.4 Evocations


You had 10 spell levels left.
You didn't know any spells.

Dungeon Overview and Level Annotations

Branches:
Dungeon (1/1)

Altars:
Cheibriados
Dithmenos
Elyvilon
Fedhas
Gozag
Kikubaaqudgha
Makhleb
Nemelex Xobeh
Okawaru
Qazlal
Ru
Sif Muna
Trog
Vehumet
Xom
Yredelemnul
Zin
The Shining One
Jiyva

Shops:
D =

Annotations:
D Lom Lobon


Innate Abilities, Weirdness & Mutations

You are resistant to damage.
You can recharge devices by infusing magical energy.
You passively map the area around you.
You do not heal naturally.


Message History

Zapping:
d - a wand of heal wounds (5) {@v2}
Press: ? - help, Shift-Dir - straight line, f - you You feel much better.
This wand has 4 charges left.
You are engulfed in dark miasma.
You are more poisoned.
You feel as though you will be slow longer.
You feel your flesh rotting away.
* * * LOW HITPOINT WARNING * * *
You feel extremely sick.
The ball lightning disappears!
Evoke which item? (* to show all) (? for menu, Esc to quit)
Zapping:
d - a wand of heal wounds (4) {@v2}
Press: ? - help, Shift-Dir - straight line, f - you You feel much better.
This wand has 3 charges left.
You are engulfed in dark miasma.
You are more poisoned.
* * * LOW HITPOINT WARNING * * *
You feel extremely sick. Lom Lobon hits you!!
You die...

,#.# ** , , ,
* , , ###0# *
, , ###0.80#
~ ~* * **
,#####0000###
~ ,
##00000000# ,
+ ,~ ,
*#000000000#
,, *~ ~~ ~ ,
,,,
000000000.# *
* **#00&.0.#
~~ ~ ~
#000q00# ** *
* * *#000..0+
* +, , ,
...00.0000#,
+ **
*###########
**


You could see Lom Lobon.

Vanquished Creatures
  A hydra (D)
  2 centaur warriors (D)
  A lindwurm (D)
  2 kobold demonologists (D)
  4 demonic crawlers (D)
  A slime creature (D)
  A yak (D)
  13 hogs (D)
  An ogre (D)
  Sigmund (D)
  A jelly (D)
  Ijyb (D)
  A giant eyeball (D)
30 creatures vanquished.

Vanquished Creatures (collateral kills)
  A deep elf annihilator (D)
  A mummy priest (D)
  A shadow wraith (D)
  An oklob plant (D)
  2 sirens (D)
  A hellwing (D)
  4 wasps (D)
  A giant eyeball (D)
12 creatures vanquished.

Vanquished Creatures (others)
  2 Executioners (D)
  2 balrugs (D)
  A blizzard demon (D)
  5 ball lightnings (D)
10 creatures vanquished.

Grand Total: 52 creatures vanquished

Notes
Turn   | Place    | Note
--------------------------------------------------------------
     0 | D        | mauris, the Deep Dwarf Fighter, began the quest for the Orb.
     0 | D        | Reached XP level 1. HP: 20/20 MP: 1/1
     2 | D        | Noticed Ijyb
    13 | D        | Killed Ijyb
    13 | D        | Reached skill level 5 in Axes
    13 | D        | Reached XP level 2. HP: 24/27 MP: 2/2
    18 | D        | Noticed an ogre
    21 | D        | Huge Dmg: 9 Dmg
    23 | D        | Huge Dmg: 8 Dmg
    24 | D        | Killed an ogre
    24 | D        | Reached skill level 10 in Axes
    24 | D        | Reached XP level 3. HP: 33/33 MP: 3/3
    24 | D        | Reached XP level 4. HP: 40/40 MP: 4/4
    35 | D        | Noticed Sigmund
    51 | D        | Killed Sigmund
    51 | D        | Reached XP level 5. HP: 34/46 MP: 5/12
    98 | D        | Found a deep blue altar of Sif Muna.
    99 | D        | Noticed a jelly
   100 | D        | Found a radiant altar of Vehumet.
   103 | D        | Huge Dmg: 10 Dmg
   103 | D        | Killed a jelly
   103 | D        | Reached skill level 5 in Armour
   125 | D        | Found Sena's Jewellery Emporium.
   125 | D        | Found a white marble altar of Elyvilon.
   125 | D        | Found a stormy altar of Qazlal.
   125 | D        | Found a basalt altar of Yredelemnul.
   125 | D        | Found an iron altar of Okawaru.
   125 | D        | Found a sparkling altar of Nemelex Xobeh.
   125 | D        | Found a shimmering altar of Xom.
   125 | D        | Found an ancient bone altar of Kikubaaqudgha.
   125 | D        | Noticed a yak
   131 | D        | Killed a yak
   131 | D        | Reached XP level 6. HP: 34/55 MP: 14/14
   132 | D        | Found a burning altar of Makhleb.
   132 | D        | Found a sacrificial altar of Ru.
   132 | D        | Found a glowing golden altar of the Shining One.
   132 | D        | Found an opulent altar of Gozag.
   132 | D        | Found a glowing silver altar of Zin.
   133 | D        | Found a bloodstained altar of Trog.
   135 | D        | Became a worshipper of Makhleb the Destroyer
   144 | D        | Noticed a centaur warrior
   144 | D        | Noticed a centaur warrior
   148 | D        | Huge Dmg: 19 Dmg
   156 | D        | Huge Dmg: 20 Dmg
   158 | D        | Huge Dmg: 18 Dmg
   162 | D        | Huge Dmg: 18 Dmg
   172 | D        | Huge Dmg: 17 Dmg
   176 | D        | Huge Dmg: 11 Dmg
   179 | D        | Huge Dmg: 20 Dmg
   182 | D        | Killed a centaur warrior
   182 | D        | Reached skill level 14 in Armour
   182 | D        | Reached XP level 7. HP: 38/61 MP: 14/14
   184 | D        | Killed a centaur warrior
   184 | D        | Acquired Makhleb's first power
   184 | D        | Reached skill level 16 in Armour
   184 | D        | Reached XP level 8. HP: 68/68 MP: 15/15
   211 | D        | Found a viscous altar of Jiyva.
   211 | D        | Found a blossoming altar of Fedhas.
   211 | D        | Noticed a slime creature
   212 | D        | Found a snail-covered altar of Cheibriados.
   212 | D        | Found a shadowy altar of Dithmenos.
   223 | D        | Killed a slime creature
   223 | D        | Reached skill level 17 in Armour
   238 | D        | Noticed a kobold demonologist
   239 | D        | Noticed a kobold demonologist
   242 | D        | Acquired Makhleb's second power
   245 | D        | Noticed a hellwing
   249 | D        | Killed a kobold demonologist
   249 | D        | Gained mutation: You passively map the area around you. [level up]
   249 | D        | Reached XP level 9. HP: 74/74 MP: 16/16
   256 | D        | Killed a kobold demonologist
   256 | D        | Reached skill level 18 in Armour
   260 | D        | Noticed a demonic crawler
   260 | D        | Noticed a demonic crawler
   260 | D        | Noticed a demonic crawler
   260 | D        | Noticed a demonic crawler
   272 | D        | Killed a demonic crawler
   272 | D        | Acquired Makhleb's third power
   279 | D        | Killed a demonic crawler
   279 | D        | Reached skill level 19 in Armour
   291 | D        | Killed a demonic crawler
   297 | D        | Killed a demonic crawler
   316 | D        | Noticed a lindwurm
   323 | D        | Killed a lindwurm
   323 | D        | Acquired Makhleb's fourth power
   333 | D        | Noticed a hog
   333 | D        | Noticed a hog
   333 | D        | Noticed a hog
   333 | D        | Noticed a hog
   333 | D        | Noticed a hog
   333 | D        | Noticed a hog
   333 | D        | Noticed a hog
   333 | D        | Noticed a hog
   333 | D        | Noticed a hog
   333 | D        | Noticed a hog
   333 | D        | Noticed a hog
   335 | D        | Noticed a hog
   338 | D        | Killed a hog
   338 | D        | Reached XP level 10. HP: 59/84 MP: 16/18
   345 | D        | Killed a hog
   350 | D        | Killed a hog
   350 | D        | Acquired Makhleb's fifth power
   358 | D        | Killed a hog
   362 | D        | Killed a hog
   362 | D        | Reached skill level 10 in Evocations
   371 | D        | Killed a hog
   378 | D        | Killed a hog
   378 | D        | Reached skill level 5 in Invocations
   383 | D        | Noticed a hog
   403 | D        | Killed a hog
   412 | D        | Killed a hog
   420 | D        | Killed a hog
   420 | D        | Reached skill level 5 in Fighting
   431 | D        | Killed a hog
   443 | D        | Killed a hog
   443 | D        | Reached skill level 5 in Dodging
   461 | D        | Killed a hog
   466 | D        | Noticed a 12-headed hydra
   472 | D        | Killed a 12-headed hydra
   485 | D        | Noticed a siren
   485 | D        | Noticed a deep elf annihilator
   486 | D        | Noticed a hellwing
   488 | D        | Noticed a siren
   490 | D        | Noticed a wasp
   491 | D        | Noticed a wasp
   493 | D        | Noticed a wasp
   494 | D        | Killed a hellwing
   496 | D        | Killed a wasp
   499 | D        | Noticed a wasp
   499 | D        | Killed a wasp
   501 | D        | Killed a wasp
   502 | D        | Killed a siren
   503 | D        | Killed a siren
   504 | D        | Killed a wasp
   517 | D        | Huge Dmg: 31 Dmg
   517 | D        | Killed a deep elf annihilator
   521 | D        | Noticed a mummy priest
   529 | D        | Killed a mummy priest
   529 | D        | Killed a shadow wraith
   531 | D        | Noticed an oklob plant
   534 | D        | Killed an oklob plant
   534 | D        | Reached XP level 11. HP: 89/99 MP: 19/19
   541 | D        | Noticed Lom Lobon
   542 | D        | Noticed a ball lightning
   542 | D        | Noticed a ball lightning
   543 | D        | Killed a ball lightning
   543 | D        | Killed a ball lightning
   545 | D        | Noticed a ball lightning
   546 | D        | Killed a ball lightning
   553 | D        | Huge Dmg: 65 Dmg
   556 | D        | Noticed a ball lightning
   556 | D        | Noticed a ball lightning
   556 | D        | Noticed a ball lightning
   556 | D        | Huge Dmg: 10 Dmg
   556 | D        | Killed a ball lightning
   557 | D        | Killed a ball lightning
   558 | D        | Huge Dmg: 33 Dmg
   559 | D        | Killed a ball lightning
   559 | D        | Mangled by Lom Lobon

Action                   |  1- 3 |  4- 6 |  7- 9 | 10-12 || total
-------------------------+-------+-------+-------+-------++-------
Melee: War axe           |    15 |    34 |    73 |   106 ||   228
Invok: Greater Servant o |       |       |       |     5 ||     5
       Minor Destruction |       |       |       |     1 ||     1
 Abil: Device Recharging |       |     3 |     1 |     3 ||     7
Evoke: Wand              |     2 |    14 |     4 |    14 ||    34
  Use: Potion            |       |     1 |     2 |     1 ||     4
       Scroll            |       |       |       |     1 ||     1

Vault maps used:
D:        dungeon_sprint_1
